[Event "2nd Stars Cup 2017"]
[Site "Anzali"]
[Date "2017.07.13"]
[Round "2"]
[White "Bruzon Batista, Lazaro"]
[Black "Pourramezanali, Amirreza"]
[Result "1/2-1/2"]
[ECO "C07"]
[WhiteElo "2653"]
[BlackElo "2505"]
[Annotator "RC"]
[PlyCount "79"]
[EventDate "2017.??.??"]
[EventType "schev"]
[EventCountry "IRI"]
[SourceTitle "playchess.com"]
[Source "ChessBase"]
[SourceQuality "1"]
[TimeControl "40/5400+30:1800+30"]

1. e4 e6 2. d4 d5 3. Nd2 c5 4. Ngf3 cxd4 5. exd5 Qxd5 6. Bc4 Qd7 7. O-O a6 8. Nb3 Nc6 9. Nbxd4 Nxd4 10. Nxd4 Qc7 11. Qe2 Bd6 12. h3 Ne7 13. a4 O-O 14. Bb3 Ng6 15. Rd1 Bd7 16. Be3 Bh2+ 17. Kh1 Bf4 18. Rd2 Rad8 19. Rad1 Bc8 20. Bxf4 Nxf4 21. Qc4 Qxc4 22. Bxc4 Rfe8 23. b4 Rd7 24. Nb3 Red8 25. Rxd7 Rxd7 26. Re1 b6 27. Bf1 Kf8 28. a5 bxa5 29. bxa5 Nd5 30. c4 Nb4 31. Be2 Ke7 32. Kg1 Rc7 33. Nd4 Nc6 34. Nxc6+ Rxc6 35. f3 Rc5 36. Ra1 e5 37. Kf2 Be6 38. Ke3 Kd6 39. Ra4 Bd7 40. Ke4 1/2-1/2

[Event "2nd Stars Cup 2017"]
[Site "Anzali"]
[Date "2017.07.14"]
[Round "3"]
[White "Firouzja, Alireza"]
[Black "Bruzon Batista, Lazaro"]
[Result "1/2-1/2"]
[ECO "C92"]
[WhiteElo "2499"]
[BlackElo "2653"]
[Annotator "RC"]
[PlyCount "80"]
[EventDate "2017.??.??"]
[EventType "schev"]
[EventCountry "IRI"]
[SourceTitle "playchess.com"]
[Source "ChessBase"]
[SourceQuality "1"]
[TimeControl "40/5400+30:1800+30"]

1. e4 e5 2. Nf3 Nc6 3. Bb5 a6 4. Ba4 Nf6 5. O-O Be7 6. Re1 b5 7. Bb3 d6 8. c3 O-O 9. h3 Bb7 10. d4 Re8 11. Nbd2 Bf8 12. a3 h6 13. Bc2 Nb8 14. b4 Nbd7 15. Bb2 g6 16. Qb1 Rb8 17. c4 exd4 18. cxb5 axb5 19. Nxd4 Ba8 20. Bb3 c5 21. bxc5 Nxc5 22. Ba2 Bg7 23. e5 dxe5 24. Qxg6 Bd5 25. Qc2 exd4 26. Rxe8+ Qxe8 27. Bxd5 Na4 28. Ba2 d3 29. Qc7 Nxb2 30. Bxf7+ Qxf7 31. Qxb8+ Kh7 32. Qxb5 Nh5 33. Rb1 Nf4 34. Rxb2 Bxb2 35. Qxb2 Ne2+ 36. Kh1 Qxf2 37. Qb7+ Kh8 38. Qc8+ Kh7 39. Qd7+ Kh8 40. Qd8+ Kg7 1/2-1/2

[Event "2nd Stars Cup 2017"]
[Site "Anzali"]
[Date "2017.07.15"]
[Round "4"]
[White "Bruzon Batista, Lazaro"]
[Black "Mousavi, Seyed Khalil"]
[Result "1-0"]
[ECO "E06"]
[WhiteElo "2653"]
[BlackElo "2424"]
[Annotator "RC"]
[PlyCount "77"]
[EventDate "2017.??.??"]
[EventType "schev"]
[EventCountry "IRI"]
[SourceTitle "playchess.com"]
[Source "ChessBase"]
[SourceQuality "1"]
[TimeControl "40/5400+30:1800+30"]

1. d4 d5 2. c4 e6 3. Nf3 Nf6 4. g3 Be7 5. Bg2 O-O 6. O-O dxc4 7. Qc2 b5 8. a4 b4 9. Nbd2 Bb7 10. Nxc4 Be4 11. Qb3 Nbd7 12. Rd1 Bd5 13. Nfe5 Nb6 14. Bf4 Nh5 15. e4 Bxc4 16. Nxc4 Nxf4 17. gxf4 Nxc4 18. Qxc4 c6 19. Rac1 Rc8 20. e5 Qb6 21. f5 exf5 22. d5 Bg5 23. Rc2 Kh8 24. dxc6 Rfd8 25. Rxd8+ Qxd8 26. Bf3 Qc7 27. Qxb4 h6 28. Qb7 Bf4 29. Qxc7 Rxc7 30. b4 Bxe5 31. b5 Rc8 32. Rd2 g5 33. Rd7 g4 34. Bd5 f4 35. a5 g3 36. hxg3 fxg3 37. fxg3 Bc3 38. Kg2 Bxa5 39. Rxa7 1-0

[Event "2nd Stars Cup 2017"]
[Site "Anzali"]
[Date "2017.07.15"]
[Round "4"]
[White "Safarli, Eltaj"]
[Black "Maghsoodloo, Parham"]
[Result "1/2-1/2"]
[ECO "B06"]
[WhiteElo "2641"]
[BlackElo "2584"]
[Annotator "RC"]
[PlyCount "64"]
[EventDate "2017.??.??"]
[EventType "schev"]
[EventCountry "IRI"]
[SourceTitle "playchess.com"]
[Source "ChessBase"]
[SourceQuality "1"]
[TimeControl "40/5400+30:1800+30"]

1. d4 g6 2. e4 Bg7 3. Nc3 d6 4. Bg5 c6 5. Qd2 Nd7 6. f4 b5 7. e5 f6 8. exf6 Ngxf6 9. Bd3 b4 10. Ne4 Qb6 11. Nf3 Ba6 12. Bxf6 Nxf6 13. Neg5 Bxd3 14. Qxd3 Qb5 15. Qe3 Bh6 16. O-O-O Qf5 17. g3 Nd5 18. Qe2 Bxg5 19. Nxg5 a5 20. Rhf1 h5 21. h3 Kd7 22. g4 hxg4 23. hxg4 Qf6 24. Ne4 Qe6 25. Rde1 Nc7 26. Kb1 Raf8 27. Qd1 Qc4 28. b3 Qb5 29. c4 bxc3 30. Nxc3 Qb4 31. Qd3 Rh2 32. Rc1 Nb5 1/2-1/2